AoeStats
← Orange Jiangzc

Arabia

513999510Analyzed
1v1 RM · 3d ago on Oct 16, 2026· 45m 43s· 2 players
Game mode
Random Map
Map size
Tiny (2 player)
Population
200
Speed
Normal
Resources
Standard
Victory
Conquest
Starting age
Dark Age
Ending age
Imperial Age
RankedLock teamsTeams togetherTeam positionsShared explorationLock speedFull tech treeHidden civsTurbo modeCheats
Victory
Defeat
🇨🇳 Varangians · China
1033
+16
vs
🇲🇽 Cumans · Mexico
1023
-16
aluis.gallardo
6:24 Loom
9:48 Feudal Age
13:00 Double-Bit Axe
23:13 Castle Age
22:12 Fletching
22:54 Bloodlines
23:23 Padded Archer Armor
24:06 Wheelbarrow
23:15 Crossbowman
25:09 Forging
28:38 Hand Cart
31:56 Imperial Age
30:02 Ballistics
30:42 Scale Barding Armor
31:03 Horse Collar
32:19 Iron Casting
32:26 Masonry
32:31 Bodkin Arrow
32:40 Elite Skirmisher
33:37 Thumb Ring
33:24 Light Cavalry
34:37 Bow Saw
35:33 Chain Barding Armor
35:49 Onager
36:35 Town Watch
41:41 Two-Man Saw
41:18 Conscription
43:00 Steppe Husbandry
43:52 Plate Barding Armor
44:19 Blast Furnace
43:07 Pikeman
46:09 Murder Holes
Orange Jiangzc
6:24 Loom
9:51 Feudal Age
10:00 Man-at-Arms
13:05 Double-Bit Axe
15:09 Wheelbarrow
14:34 Horse Collar
21:18 Castle Age
22:29 Bow Saw
22:20 Heavy Plow
23:13 Scale Mail Armor
23:25 Elite Skirmisher
27:28 Fletching
31:44 Imperial Age
29:42 Scale Barding Armor
30:23 Gold Mining
34:07 Chain Mail Armor
34:03 Forging
33:49 Bodkin Arrow
35:16 Husbandry
35:27 Bloodlines
35:24 Light Cavalry
36:55 Hand Cart
36:26 Town Watch
37:09 Chain Barding Armor
37:25 Iron Casting
36:34 Hussar
38:13 Gothikon
39:13 Conscription
38:44 Gambesons
39:00 Squires
38:46 Arson
39:40 Plate Barding Armor
41:11 Blast Furnace
41:48 Elite Varangian Guard
43:11 Crop Rotation
44:31 Two-Man Saw
43:32 Stone Mining
44:54 Town Patrol
Connection lost

Rejoining the realm…

Still unreachable

The connection could not be restored.

Session expired

The server has moved on; the page needs a fresh start.